 Dungeon Crawl Stone Soup version 0.17.1-3-g152610e (webtiles) character file.

212 theElss the Conjurer (level 5, -9/28 HPs)
             Began as a Deep Elf Conjurer on Mar 31, 2016.
             Mangled by an ogre
             ... wielding a +0 giant club
              (17 damage)
             ... on level 5 of the Dungeon.
             The game lasted 00:14:32 (3729 turns).

theElss the Conjurer (Deep Elf Conjurer)            Turns: 3729, Time: 00:14:33

Health: -9/28      AC:  4    Str:  5    XL:     5   Next: 58%
Magic:  13/15      EV: 12    Int: 21    God:
Gold:   194        SH:  3    Dex: 15    Spells: 4 memorised, 3 levels left

rFire  . . .     SeeInvis .     (no weapon)
rCold  . . .     Clarity  .     a - +0 robe
rNeg   . . .     SustAt   .     e - +0 buckler
rPois  .         Gourm    .     (no helmet)
rElec  .         Spirit   .     s - +1 cloak
rCorr  .         Warding  .     (no gloves)
rMut   .         Stasis   .     (no boots)
MR     .....                    (no amulet)
Stlth  ++........               (no ring)
                                (no ring)

@: very slightly contaminated, not resistant to hostile enchantments, unstealthy
A: no striking features
a: no special abilities


You were on level 5 of the Dungeon.
You were not hungry.

You visited 1 branch of the dungeon, and saw 6 of its levels.

You collected 194 gold pieces.

Inventory:

Armour
 a - a +0 robe (worn)
 e - a +0 buckler (worn)
 s - a +1 cloak (worn)
Jewellery
 r - a +4 ring of protection {unknown}
 v - an uncursed ring of stealth {unknown}
 z - an uncursed ring of protection from fire {unknown}
Scrolls
 d - 2 scrolls of fear {unknown}
 f - a scroll of noise {unknown}
 i - 6 scrolls of identify {unknown}
 k - 3 scrolls of amnesia {unknown}
 m - a scroll of enchant armour {unknown}
 n - a scroll of enchant weapon {unknown}
 w - a scroll of remove curse {unknown}
 y - a scroll of recharging {unknown}
Potions
 g - a potion of ambrosia {unknown}
 l - 2 potions of poison {unknown}
 o - 2 potions of cancellation {unknown}
 p - a potion of curing {unknown}
 t - 2 potions of brilliance {unknown}
 u - a potion of lignification {unknown}
 x - a potion of flight {unknown}
 A - a potion of invisibility {unknown}
Books
 b - a book of Conjurations

   Spells                             Type                      Level
   a - Magic Dart                     Conjuration                  1
   b - Searing Ray                    Conjuration                  2
   c - Dazzling Spray                 Conjuration/Hexes            3
   d - Fulminant Prism                Conjuration/Hexes            4
   e - Iskenderun's Mystic Blast      Conjuration                  4
   f - Iskenderun's Battlesphere      Conjuration/Charms           5
Comestibles
 c - 2 bread rations
 h - 4 fruits
 j - 2 slices of pizza
 q - 3 beef jerkies
 B - a chunk of flesh


   Skills:
 + Level 3.1 Dodging
 - Level 2.4 Stealth
 * Level 5.9 Spellcasting
 + Level 5.9 Conjurations


You had 3 spell levels left.
You knew the following spells:

 Your Spells              Type           Power        Failure   Level  Hunger
a - Magic Dart            Conj           ####         1%          1    None
b - Iskenderun's Battles  Conj/Chrm      ###.....     98%         5    #####..
c - Searing Ray           Conj           ####..       2%          2    None
d - Iskenderun's Mystic   Conj           ####....     17%         4    ####...


Dungeon Overview and Level Annotations

Branches:
Dungeon (6/15)
 Temple: D:4-7

Altars:
Ru
Trog

Annotations:
D:4 Blork the orc
D:6 F1L1N's ghost, amateur DgFi


Message History

* * * LOW HITPOINT WARNING * * *
You see here an arrow.
Casting: Magic Dart
Confirm with . or Enter, or press ? or * to list all spells.
Aiming: Magic Dart
Press: ? - help, Shift-Dir - straight line, f - ogre
Aim: an ogre, wielding a giant club You miscast Magic Dart.
You are very lightly contaminated with residual magic.
Strange energies run through your body. The ogre barely misses you.
Casting: Magic Dart
Confirm with . or Enter, or press ? or * to list all spells.
Aiming: Magic Dart
Press: ? - help, Shift-Dir - straight line, f/p - ogre
Aim: an ogre, wielding a giant club The magic dart hits the ogre.
The ogre is moderately wounded.
The ogre hits you with a giant club!
Ouch! That really hurt!
You die...

#........>........#
#.................#
#.............[...#
#########.................#
.................#######..#
.######.######...# .# #.#
#...# .# #.# #.##### .# #.#
#(O@..# .# #.# #.###.# .#
#.# #.. #. .# #.# #... ##
.######## #...# ..
......... ....# ## ........
....# ........ .c..#
########


You could see an ogre.

Vanquished Creatures
  A jelly (D:6)
  2 hounds
  4 adders
  An ooze (D:5)
  An adder skeleton (D:6)
  2 giant geckos (D:3)
  4 orcs (D:3)
  2 ball pythons
  15 bats
  2 giant cockroaches (D:1)
  8 goblins
  6 hobgoblins
  7 jackals
  A quokka (D:4)
  7 giant newts
  A jackal zombie (D:5)
  5 kobolds
  4 rats
73 creatures vanquished.

Notes
Turn   | Place    | Note
--------------------------------------------------------------
     0 | D:1      | theElss the Deep Elf Conjurer began the quest for the Orb.
     0 | D:1      | Reached XP level 1. HP: 10/10 MP: 6/6
   195 | D:1      | Reached XP level 2. HP: 15/15 MP: 5/8
   234 | D:1      | Learned a level 2 spell: Searing Ray
   485 | D:1      | Reached skill level 5 in Conjurations
   868 | D:1      | Reached XP level 3. HP: 19/19 MP: 6/10
  1660 | D:2      | Found a sacrificial altar of Ru.
  1889 | D:3      | Found a bloodstained altar of Trog.
  1990 | D:3      | Found a bloodstained altar of Trog.
  2022 | D:3      | Reached XP level 4. HP: 24/24 MP: 10/12
  2508 | D:3      | Learned a level 4 spell: Iskenderun's Mystic Blast
  2535 | D:4      | Noticed a slave
  2667 | D:4      | Noticed Blork the orc
  2909 | D:5      | Entered Level 5 of the Dungeon
  2914 | D:5      | Reached skill level 5 in Spellcasting
  3000 | D:5      | Reached XP level 5. HP: 26/28 MP: 8/14
  3079 | D:5      | Noticed an ogre
  3233 | D:6      | Learned a level 5 spell: Iskenderun's Battlesphere
  3552 | D:6      | Noticed a centaur
  3585 | D:6      | Noticed a manticore
  3619 | D:6      | Noticed F1L1N's ghost (amateur DgFi)
  3725 | D:5      | Noticed a centaur
  3729 | D:5      | Mangled by an ogre

Action                   |  1- 3 |  4- 6 || total
-------------------------+-------+-------++-------
Melee: Unarmed           |       |     3 ||     3
 Cast: Magic Dart        |    69 |    57 ||   126
       Searing Ray       |     1 |     6 ||     7
  Eat: Chunk             |     3 |     5 ||     8
